AoeStats
← HoraryCase23899

Arabia

510975000Analyzed
1v1 RM · 14h ago on Oct 3, 2026· 38m 14s· 2 players
Game mode
Random Map
Map size
Tiny (2 player)
Population
200
Speed
Normal
Resources
Standard
Victory
Conquest
Starting age
Dark Age
Ending age
Imperial Age
RankedLock teamsTeams togetherTeam positionsShared explorationLock speedFull tech treeHidden civsTurbo modeCheats
Victory
Defeat
🇮🇳 Spanish · India
831
+16
🇹🇷 Ethiopians · Türkiye
828
-16
HoraryCase23899
7:54 Loom
9:49 Feudal Age
10:45 Double-Bit Axe
13:14 Fletching
22:26 Castle Age
21:29 Horse Collar
22:23 Scale Mail Armor
22:34 Forging
22:48 Crossbowman
24:27 Bodkin Arrow
25:38 Squires
25:40 Padded Archer Armor
25:56 Chain Mail Armor
26:16 Iron Casting
27:34 Leather Archer Armor
27:28 Thumb Ring
36:31 Scale Barding Armor
scotchmalt
5:49 Loom
7:17 Loom
9:55 Feudal Age
15:03 Padded Archer Armor
14:54 Fletching
19:01 Castle Age
19:45 Scale Barding Armor
19:51 Forging
21:36 Chain Barding Armor
22:18 Husbandry
23:32 Bloodlines
26:37 Elite Skirmisher
30:36 Leather Archer Armor
30:17 Bodkin Arrow
33:05 Herbal Medicine
34:08 Iron Casting
38:32 Imperial Age
Connection lost

Rejoining the realm…

Still unreachable

The connection could not be restored.

Session expired

The server has moved on; the page needs a fresh start.